AoeStats
← eyupfc

Arena

508303198Analyzed
3v3 RM · 10d ago on Sep 21, 2026· 41m 25s· 6 players
Game mode
Random Map
Map size
Normal (6 player)
Population
200
Speed
Normal
Resources
Standard
Victory
Conquest
Starting age
Dark Age
Ending age
Imperial Age
RankedLock teamsTeams togetherTeam positionsShared explorationLock speedFull tech treeHidden civsTurbo modeCheats
Victory
Defeat
🇹🇷 Chinese · Türkiye
1209
+13
🇩🇪 Britons · Germany
1163
+16
🇨🇳 Mongols · China
1161
+15
🇹🇷 Burmese · Türkiye
1165
-15
🇹🇷 Berbers · Türkiye
1146
-15
🇹🇷 Malay · Türkiye
1134
-14
Dine'nDash
11:03 Feudal Age
11:19 Loom
14:39 Castle Age
12:59 Horse Collar
13:25 Double-Bit Axe
15:59 Fletching
18:21 Crossbowman
21:44 Bodkin Arrow
23:31 Bow Saw
25:31 Padded Archer Armor
26:44 Ballistics
29:42 Leather Archer Armor
29:36 Gold Mining
29:50 Heavy Plow
AdilK
0:33 Loom
11:10 Feudal Age
13:33 Double-Bit Axe
15:50 Castle Age
14:17 Horse Collar
19:06 Wheelbarrow
18:16 Town Watch
19:46 Heavy Plow
20:13 Gold Mining
20:38 Bow Saw
23:25 Gold Mining
23:27 Stone Mining
23:58 Fletching
24:08 Padded Archer Armor
24:40 Bodkin Arrow
25:29 Hand Cart
26:03 Ballistics
25:59 Leather Archer Armor
30:22 Imperial Age
28:57 Gold Shaft Mining
29:03 Great Wall
31:10 Forging
31:00 Scale Mail Armor
31:04 Bracer
31:35 Ring Archer Armor
31:29 Conscription
31:06 Elite Fire Lancer
33:20 Chemistry
32:37 Squires
32:22 Arson
33:57 Two-Man Saw
34:30 Rocketry
33:54 Elite Chu Ko Nu
37:55 Scale Mail Armor
38:05 Forging
40:20 Chain Mail Armor
40:40 Iron Casting
40:20 Chain Mail Armor
40:40 Iron Casting
pickmyself or end
10:25 Feudal Age
11:57 Double-Bit Axe
14:57 Castle Age
13:12 Horse Collar
15:49 Heavy Plow
15:59 Bow Saw
17:21 Wheelbarrow
18:11 Loom
24:40 Stone Mining
24:41 Gold Mining
24:51 Town Watch
25:23 Hand Cart
29:19 Imperial Age
27:25 Gold Shaft Mining
28:04 Stone Shaft Mining
28:03 Fletching
28:14 Padded Archer Armor
28:39 Bodkin Arrow
30:08 Bracer
30:24 Leather Archer Armor
31:27 Chemistry
31:08 Conscription
31:03 Forging
31:50 Ballistics
31:27 Onager
31:51 Elite Mangudai
32:37 Thumb Ring
33:36 Parthian Tactics
33:14 Light Cavalry
34:57 Bloodlines
34:48 Husbandry
34:54 Scale Barding Armor
35:24 Iron Casting
35:12 Drill
34:16 Capped Ram
35:58 Chain Barding Armor
35:14 Siege Ram
36:06 Masonry
36:08 Fortified Wall
36:05 Siege Engineers
36:40 Hussar
39:31 Coinage
40:38 Hoardings
42:11 Blast Furnace
41:58 Fervor
42:05 Nomads
isik.cemil
10:59 Feudal Age
9:16 Loom
15:05 Castle Age
14:32 Double-Bit Axe
14:30 Horse Collar
21:02 Padded Archer Armor
21:55 Fletching
22:54 Leather Archer Armor
24:31 Gold Mining
29:15 Bow Saw
29:07 Heavy Plow
29:33 Fortified Wall
31:30 Wheelbarrow
35:19 Imperial Age
33:25 Masonry
33:27 Bodkin Arrow
33:55 Ballistics
33:22 Town Watch
35:24 Gold Shaft Mining
KingMoonborn
11:42 Feudal Age
15:57 Castle Age
23:25 Padded Archer Armor
23:42 Padded Archer Armor
26:49 Bloodlines
35:50 Imperial Age
33:49 Loom
33:49 Town Watch
34:36 Husbandry
36:01 Fletching
36:10 Elite Arambai
36:16 Elite Arambai
37:56 Ballistics
38:45 Chemistry
eyupfc
9:50 Feudal Age
9:31 Double-Bit Axe
9:55 Horse Collar
17:49 Castle Age
15:59 Fletching
17:08 Padded Archer Armor
17:01 Gold Mining
18:22 Wheelbarrow
18:10 Bow Saw
18:16 Crossbowman
20:27 Loom
23:05 Bodkin Arrow
24:04 Heavy Plow
26:54 Gold Shaft Mining
27:17 Ballistics
28:06 Leather Archer Armor
31:38 Imperial Age
29:49 Stone Mining
30:34 Arbalester
33:57 Chemistry
34:02 Bracer
34:35 Crop Rotation
35:26 Ring Archer Armor
37:36 Conscription
39:26 Forging
39:51 Elite Karambit Warrior
41:22 Thumb Ring
41:29 Thumb Ring
Connection lost

Rejoining the realm…

Still unreachable

The connection could not be restored.

Session expired

The server has moved on; the page needs a fresh start.